 Dungeon Crawl Stone Soup version 0.28-a0-1143-gcf6077d4cc (webtiles) character file.

Game seed: 18176310455230108851

61 ytrimaz the Insei (level 4, -2/29 HPs)
             Began as an Octopode Transmuter on Dec 13, 2021.
             Killed from afar by a dart slug (4 damage)
             ... with a slug dart
             ... on level 3 of the Dungeon.
             The game lasted 00:01:48 (2525 turns).

ytrimaz the Insei (Octopode Transmuter)             Turns: 2525, Time: 00:01:49

Health: -2/29      AC:  1    Str: 16 (17) XL:     4   Next: 7%
Magic:  2/7        EV: 13    Int: 12 (15) God:
Gold:   112        SH:  0    Dex: 10 (12) Spells: 2/8 levels left

rFire   . . .      SeeInvis .     - Unarmed
rCold   . . .      Faith    .   (no shield)
rNeg    . . .      Spirit   .   (helmet restricted)
rPois   .          Reflect  .   (no amulet)
rElec   .          Harm     .   e - +6 ring of strength
rCorr   .          Rampage  .   (no ring)
Will    .....                   (no ring)
Stlth   ++........              (no ring)
HPRegen 0.09/turn               (no ring)
MPRegen 0.10/turn               (no ring)
                                (no ring)
                                (no ring)

@: mighty
A: almost no armour, amphibious, 8 rings, camouflage 1, gelatinous body 1,
(nimble swimmer 1), tentacles
a: no special abilities


You were on level 3 of the Dungeon.
You visited 1 branch of the dungeon, and saw 3 of its levels.

You collected 112 gold pieces.

Inventory:

Jewellery
 e - a +6 ring of strength (left tentacle)
Wands
 f - a wand of paralysis (7)
Scrolls
 d - a scroll of magic mapping
Potions
 c - a potion of flight


   Skills:
 * Level 1.7 Fighting
 * Level 2.4 Dodging
 + Level 3.5 Unarmed Combat
 * Level 2.5 Spellcasting
 * Level 2.4 Transmutations


You had 2 spell levels left.
You knew the following spells:

 Your Spells              Type           Power      Damage    Failure   Level
a - Beastly Appendage     Tmut           14%        N/A       10%         1
b - Wereblood             Tmut           7%         N/A       14%         2
c - Spider Form           Tmut/Pois      4%         N/A       43%         3

Your spell library contained the following spells:

 Spells                   Type           Power      Damage    Failure   Level
 Ice Form                 Ice/Tmut       4%         N/A       83%         4


Dungeon Overview and Level Annotations

Branches:
Dungeon (3/15)

Altars:
Dithmenos

Annotations:
D:3 Terence


Innate Abilities, Weirdness & Mutations

You cannot wear most types of armour.
You are amphibious.
You can wear up to eight rings at the same time.
Your skin changes colour to match your surroundings (Stealth+).
Your rubbery body absorbs attacks. (AC +1, EV +1)
((You are camouflaged near water. (Stealth+)))
You have tentacles for arms and can constrict up to eight enemies at once.


Message History

You have reached level 4!
Sorry, you're not good enough to have a special ability.
Unknown command.
Casting: Spider Form (extremely dangerous; 43% risk of failure)
Confirm with . or Enter, or press ? or * to list all spells.
You don't have enough magic to cast this spell.
Casting: Spider Form (extremely dangerous; 43% risk of failure)
Confirm with . or Enter, or press ? or * to list all spells.
You don't have enough magic to cast this spell.
Casting: Spider Form (extremely dangerous; 43% risk of failure)
Confirm with . or Enter, or press ? or * to list all spells.
You don't have enough magic to cast this spell.
You feel sick.
You are no longer poisoned.
Found a club and 22 stones.
You barely miss the frilled lizard. Your grab misses the frilled lizard.
You tentacle-slap the frilled lizard.
You kill the frilled lizard!
A worm is nearby!
A worm is nearby!
A worm is nearby!
A worm is nearby!
You are too injured to fight recklessly!
A kobold comes into view. It is wielding a +0 dagger.
A quokka comes into view.
Found 16 gold pieces.
The kobold shouts!
A dart slug comes into view.
Your magical contamination has completely faded away.
You see here a +0 club.
Found a scroll of enchant weapon.
A kobold comes into view. It is wielding a +0 whip.
The dart slug launches a dart at you. The slug dart hits you.
* * * LOW HITPOINT WARNING * * *
Unknown command.
The dart slug barely misses you. The dart slug launches a dart at you.
The slug dart hits you.
You die...

........w#########........
...K.r.....# #........
.........#.## #...<....
........)#..# #†#######
.........##.#### #.#
...............# #.#
r.(.......w....# #.#
........K......###.####
........$..@..?#......#
###########+###......#
#......#### #w........#
#.# #.........# ..
#.........# #. #.........#
#####.##.........#
.......#.........#


You could see a dart slug, a quokka (wandering) and a kobold.

Vanquished Creatures
  2 adders (D:3)
  A worm (D:3)
  3 orcs (D:3)
  4 bats
  5 endoplasms
  2 giant cockroaches (D:1)
  4 goblins (D:1)
  4 hobgoblins
  4 kobolds
  A quokka (D:2)
  A ball python (D:2)
  3 frilled lizards
  A rat (D:2)
35 creatures vanquished.

Notes
Turn   | Place    | Note
-------+----------+-------------------------------------------
     0 | D:1      | ytrimaz the Octopode Transmuter began the quest for the
                  | Orb.
     0 | D:1      | Reached XP level 1. HP: 13/13 MP: 3/3
   182 | D:1      | Reached XP level 2. HP: 18/18 MP: 5/5
   227 | D:1      | Learned a level 2 spell: Wereblood
  1252 | D:2      | Found a faded altar of an unknown god.
  1458 | D:2      | Reached XP level 3. HP: 20/23 MP: 4/6
  1462 | D:2      | Learned a level 3 spell: Spider Form
  1947 | D:3      | Noticed Terence
  2439 | D:3      | Found a shadowy altar of Dithmenos.
  2505 | D:3      | Reached XP level 4. HP: 3/29 MP: 0/7
  2525 | D:3      | Killed from afar by a dart slug

Illustrated notes

Levels and vault maps discovered:
D:1:      scummos_arrival_checkerplants, layout_basic
D:2:      layout_basic, ebering_ecumenical_altar_ruins
D:3:      layout_basic, grunt_dithmenos_smoke, uniq_sigmund, uniq_terence,
          uniq_grinder

Action                   |  1- 3 |  4- 6 || total
-------------------------+-------+-------++-------
Melee: Unarmed           |    70 |     2 ||    72
       Constrict         |    15 |       ||    15
       Tentacles         |    12 |       ||    12
       Kick              |    11 |       ||    11
       Punch             |     2 |       ||     2
 Cast: Beastly Appendage |    18 |       ||    18
  Use: Scroll            |     6 |       ||     6
       Potion            |     2 |       ||     2
 Stab: Sleeping          |     8 |       ||     8
Armor: Skin              |     9 |       ||     9
Dodge: Dodged            |    46 |     1 ||    47

Table legend: (Time is in decaauts)
 A = Elapsed time spent in this place.
 B = Non-inter-level travel time spent in this place.
 C = Inter-level travel time spent in this place.
 D = Time resting spent in this place.
 E = Time spent auto-exploring this place.
 F = Levels seen in this place.
 G = Mean time per level.
                   A        B        C        D        E       F      G
               +--------+--------+--------+--------+--------+-----+--------+
         Total |   2519 |   2471 |     48 |    213 |   1941 |   3 |  839.7 |
       Dungeon |   2519 |   2471 |     48 |    213 |   1941 |   3 |  839.7 |
               +--------+--------+--------+--------+--------+-----+--------+

Top non-repeatable levels by time:
     D:1: 1028 daAuts
     D:2: 783 daAuts
     D:3: 707 daAuts
